 Dungeon Crawl Stone Soup version 0.17-a0-1632-g0af21bd (webtiles) character file.

361 Goblin1989 the Digger (level 6, -5/55 HPs)
             Began as a Deep Dwarf Earth Elementalist on Aug 4, 2015.
             Slain by a killer bee (6 damage)
             ... on level 4 of the Dungeon.
             The game lasted 00:25:17 (2245 turns).

Goblin1989 the Digger (DDEE)                        Turns: 2245, Time: 00:25:19

Health: -5/55      AC:  5    Str: 12    XL:     6   Next: 38%
Magic:  5/11       EV:  7    Int: 17    God:
Gold:   164        SH:  0    Dex: 13    Spells: 3 memorised, 5 levels left

rFire  + . .     SeeInvis .     a - 41 stones
rCold  . . .     Clarity  .     b - +0 robe
rNeg   + . .     SustAt   .     (no shield)
rPois  .         Gourm    .     (no helmet)
rElec  .         Spirit   .     o - +0 cloak
rCorr  .         Warding  .     G - +0 pair of gloves
rMut   .         Stasis   .     r - +0 pair of boots
MR     .....                    (no amulet)
Stlth  ++........               I - ring of protection from fire
                                j - ring of positive energy

@: lethally poisoned (-5 -> -8), non-regenerating, not resistant to hostile
enchantments, unstealthy
A: damage resistance, recharge devices, sense surroundings 1, slow healing 3
a: Device Recharging


You were on level 4 of the Dungeon.
You were not hungry.

You visited 1 branch of the dungeon, and saw 4 of its levels.

You collected 164 gold pieces.

Inventory:

Hand weapons
 K - a +4 hand axe
Missiles
 a - 41 stones (in hand)
 x - 4 javelins (quivered)
Armour
 b - a +0 robe (worn)
 o - a +0 cloak (worn)
 r - a +0 pair of boots (worn)
 G - a +0 pair of gloves (worn)
Magical staves
 g - an uncursed staff of earth
Jewellery
 j - a ring of positive energy (left hand)
 w - an uncursed ring of sustain attributes
 I - a ring of protection from fire (right hand)
Magical devices
 d - a wand of heal wounds (0)
 D - a wand of digging (10)
 H - a wand of enslavement (8)
Scrolls
 u - a scroll of teleportation {unknown}
 y - a scroll of remove curse
 E - a scroll of immolation {unknown}
 J - a scroll of enchant weapon {unknown}
Potions
 f - 3 potions of heal wounds
 h - 3 potions of curing
 m - a potion of agility
 p - a potion of brilliance {unknown}
 q - 2 potions of cure mutation
 t - a potion of flight {unknown}
 v - a potion of mutation {unknown}
 C - a potion of ambrosia {unknown}
 F - a potion of berserk rage
Books
 c - a book of Geomancy

   Spells                             Type                      Level
   a - Sandblast                      Earth                        1
   b - Stoneskin                      Transmutation/Earth          2
   c - Passwall                       Transmutation/Earth          3
   d - Stone Arrow                    Conjuration/Earth            3
   e - Petrify                        Transmutation/Earth          4
   f - Lee's Rapid Deconstruction     Earth                        5
Comestibles
 e - 3 bread rations
 k - 4 fruits
 n - 2 meat rations
 A - a beef jerky


   Skills:
 + Level 2.4 Fighting
 - Level 2.1 Dodging
 - Level 2.4 Stealth
 + Level 3.4 Spellcasting
 - Level 0.8 Transmutations
 * Level 7.2 Earth Magic


You had 5 spell levels left.
You knew the following spells:

 Your Spells              Type           Power        Failure   Level  Hunger
a - Sandblast             Erth           ####..       1%          1    None
b - Stoneskin             Trmt/Erth      ###.....     6%          2    ##.....
c - Stone Arrow           Conj/Erth      ###...       14%         3    ###....


Dungeon Overview and Level Annotations

Branches:
Dungeon (4/15)             Temple (0/1) D:4

Altars:
Cheibriados
Fedhas
Gozag
Nemelex Xobeh

Portals:
Sewer: D:4

Annotations:
D:2 Sigmund
D:4 Dowan, Duvessa


Innate Abilities, Weirdness & Mutations

You are resistant to damage.
You can recharge devices by infusing magical energy.
You passively map a small area around you.
You do not heal naturally.


Message History

Okay, then.
The killer bee completely misses you.
The killer bee stings you but does no damage.
Found a scroll labeled QUDO EMELIA.
The killer bee barely misses you. The killer bee stings you.
* * * LOW HITPOINT WARNING * * *
There is a staircase to the Ecumenical Temple here.
The killer bee stings you!
* * * LOW HITPOINT WARNING * * *
You are more poisoned.
The killer bee poisons you! The killer bee stings you.
You are lethally poisoned!
The killer bee poisons you!
The orc priest hits you but does no damage.
The killer bee stings you.
* * * LOW HITPOINT WARNING * * *
Duvessa hits you with a short sword.
* * * LOW HITPOINT WARNING * * *
The killer bee stings you!
You die...

,,,,,,,,,* **,,**,,,,,,**
,,,,,,,,,*######*###...*,,,,,,,,*
,,,,,,,,,...?.........,.,,,,,,,,*
,,,,,****..............#*,,,,,,**
,,,,,* *##.#.#.#.#.#%..,,******
,*,,,***##..............#,*
,,,,,,,,....#.......#.#.#,*
,*,,,***##...............,*
,,,,,***#...#.eo@...#....**
,,,,,,,,..#....eyy.......*
,,*,,,*,....#o..oS..#....*
,,*,,,*#.................*
,,,,,,,.....#o#o#.#.#.##S*
,,,,,.#.#.#...........#*,*
,,,*#...#..........#.##*,*
,,,..................# *,*
***........##...######**,*******


You could see Duvessa, Dowan, 2 killer bees, 2 orc priests, 3 orcs and a ball
python.

Vanquished Creatures
  Grinder (D:4)
  An iguana (D:4)
  A hound skeleton (D:4)
  3 gnolls (D:3)
  3 adders
  3 oozes
  2 worms
  4 giant geckos
  A ball python (D:3)
  6 giant cockroaches
  6 goblins
  4 hobgoblins
  2 jackals (D:4)
  5 kobolds
  A quokka (D:2)
  4 bats
  A giant newt (D:3)
  7 rats
55 creatures vanquished.

Notes
Turn   | Place    | Note
--------------------------------------------------------------
     0 | D:1      | Goblin1989 the Deep Dwarf Earth Elementalist began the quest for the Orb.
     0 | D:1      | Reached XP level 1. HP: 15/15 MP: 3/3
   192 | D:1      | Reached XP level 2. HP: 22/22 MP: 2/4
   294 | D:1      | Learned a level 2 spell: Stoneskin
   690 | D:1      | Reached XP level 3. HP: 21/30 MP: 6/6
   879 | D:2      | Found an opulent altar of Gozag.
   879 | D:2      | Found a sparkling altar of Nemelex Xobeh.
   934 | D:2      | Reached skill level 5 in Earth Magic
   993 | D:2      | Noticed Sigmund
  1159 | D:2      | Learned a level 3 spell: Stone Arrow
  1416 | D:3      | Reached skill level 1 in Fighting
  1472 | D:3      | Reached XP level 4. HP: 20/38 MP: 5/7
  1522 | D:3      | Found a snail-covered altar of Cheibriados.
  1529 | D:3      | Found a blossoming altar of Fedhas.
  2087 | D:4      | Reached skill level 6 in Earth Magic
  2087 | D:4      | Reached XP level 5. HP: 19/44 MP: 9/9
  2147 | D:4      | Noticed Grinder
  2157 | D:4      | Paralysed by Grinder for 4 turns
  2165 | D:4      | Paralysed by Grinder for 6 turns
  2172 | D:4      | Killed Grinder
  2172 | D:4      | Reached skill level 7 in Earth Magic
  2172 | D:4      | Reached XP level 6. HP: 45/55 MP: 1/11
  2198 | D:4      | Found a glowing drain.
  2220 | D:4      | Noticed an ogre
  2237 | D:4      | Noticed Duvessa
  2238 | D:4      | Noticed Dowan
  2238 | D:4      | Found a staircase to the Ecumenical Temple.
  2245 | D:4      | HP: 2/55 [killer bee (1)]
  2245 | D:4      | Slain by a killer bee

Vault maps used:
D:1:      evilmike_arrival_crescent, hangedman_decor_points, minmay_cupped
D:2:      grunt_temple_overflow_opulence, uniq_sigmund
D:3:      amethyst_overflow_temple_binary, first_bread
D:4:      minmay_temple_entry_glass, portal_sewer_entry_a, serial_glass,
          glass_columns_c, glass_columns_a, uniq_duvessa, uniq_grinder,
          uniq_eustachio

Action                   |  1- 3 |  4- 6 || total
-------------------------+-------+-------++-------
Melee: Whip              |    86 |    23 ||   109
       Hand axe          |       |     7 ||     7
Throw: Javelin           |     3 |     4 ||     7
       Stone             |       |     1 ||     1
 Cast: Sandblast         |    17 |    30 ||    47
       Stoneskin         |     1 |       ||     1
Evoke: Wand              |     1 |     4 ||     5
  Use: Scroll            |       |     9 ||     9
       Potion            |       |     1 ||     1
 Stab: Sleeping          |     2 |     2 ||     4
       Distracted        |     1 |     1 ||     2
  Eat: Chunk             |     2 |     2 ||     4
       Beef jerky        |       |     1 ||     1
